 Dungeon Crawl Stone Soup version 0.22-a0-422-g9628fc8 (webtiles) character file.

66 Mgcat the Cudgeler (level 4, -5/44 HPs)
             Began as a Naga Berserker on May 20, 2018.
             Was a Believer of Trog.
             Slain by a worm (12 damage)
             ... on level 2 of the Dungeon.
             The game lasted 00:03:35 (1912 turns).

Mgcat the Cudgeler (Naga Berserker)                 Turns: 1912, Time: 00:03:36

Health: -5/44      AC:  2    Str: 20    XL:     4   Next: 15%
Magic:  4/4        EV: 10    Int:  8    God:    Trog [**....]
Gold:   72         SH:  0    Dex: 10    Spells: 3/3 levels left

rFire    x . .     SeeInvis +   a - +0 mace
rCold    + . .     Gourm    .   (no shield)
rNeg     . . .     Faith    .   b - +0 animal skin
rPois    +         Spirit   .   (no helmet)
rElec    .         Reflect  .   (no cloak)
rCorr    .         Harm     .   (no gloves)
MR       .....                  (no barding)
Stlth    +.........             (no amulet)
HPRegen  0.14/turn              f - ring of ice {rC+, rF-}
MPRegen  0.09/turn              (no ring)

@: short of breath, very slow
A: large, see invisible, deformed body, poison resistance, slowness 2, slow
metabolism 1, spit poison 1, AC +1
a: Spit Poison, Berserk, Trog's Hand, Renounce Religion


You were on level 2 of the Dungeon.
You worshipped Trog.
Trog was pleased with you.
You were not hungry.

You visited 1 branch of the dungeon, and saw 2 of its levels.

You collected 72 gold pieces.

Inventory:

Hand Weapons
 a - a +0 mace (weapon)
Armour
 b - a +0 animal skin (worn)
Jewellery
 f - a ring of ice (left hand) {rC+, rF-}
   (You found it on level 1 of the Dungeon)
Scrolls
 e - 2 scrolls of remove curse {unknown}
 g - 2 scrolls of fear {unknown}
 h - a scroll of amnesia {unknown}
 j - a scroll of magic mapping {unknown}
 l - a scroll of identify {unknown}
Potions
 d - 3 potions of heal wounds {unknown}
 k - a potion of agility {unknown}
Comestibles
 c - 5 rations


   Skills:
 + Level 4.0 Fighting
 + Level 4.0 Maces & Flails
 - Level 1.5 Armour
 - Level 1.5 Dodging


You had 3 spell levels left.
You didn't know any spells.
Your spell library was empty.

Dungeon Overview and Level Annotations

Branches:
Dungeon (2/15)

Altars:
Fedhas
Makhleb
Nemelex Xobeh
Okawaru


Innate Abilities, Weirdness & Mutations

You cannot wear boots.
Your serpentine skin is tough. (AC +1)
You have supernaturally acute eyesight. (SInv)
Armour fits poorly on your strangely shaped body.
Your system is resistant to poisons. (rPois)
You cover ground very slowly.
You have a slow metabolism.
You can spit poison.


Message History

Aim: a rat The splash of poison misses the rat.
You feel slightly more hungry. The rat bites you. The rat barely misses you.
You closely miss the rat. The rat closely misses you.
You barely miss the rat. The rat misses you.
You hit the rat.
The rat is heavily wounded.
The rat closely misses you.
You barely miss the rat.
The rat is heavily wounded.
You have got your breath back.
The rat bites you but does no damage. The rat bites you.
You thump the rat!
You kill the rat!
Trog accepts your kill.
No target in view!
No target in view!
Eating one of 3 chunks of flesh {@w0}.
You eat one of the 3 chunks of flesh {@w0}.
This raw flesh tastes terrible.
Found a stone staircase leading up.
g - 2 scrolls labeled PEUKLI NOSO (gained 1) Some of the chunks of flesh in your inventory have rotted away.
Found a blossoming altar of Fedhas.
Found a stone staircase leading up.
All of the chunks of flesh in your inventory have rotted away.
As you open the door, it creaks loudly!
A giant cockroach comes into view.
Found a burning altar of Makhleb.
A giant cockroach is nearby!
The giant cockroach bites you.
The giant cockroach bites you but does no damage.
There is an open door here.
You hit the giant cockroach but do no damage.
The giant cockroach barely misses you.
You closely miss the giant cockroach.
The giant cockroach bites you but does no damage.
The giant cockroach bites you.
You barely miss the giant cockroach. The giant cockroach bites you.
You hit the giant cockroach but do no damage.
The giant cockroach bites you.
The giant cockroach bites you but does no damage.
You sock the giant cockroach!
You kill the giant cockroach!
Trog accepts your kill.
No target in view!
No target in view!
No target in view!
Found a stone staircase leading down.
A worm comes into view.
A worm is nearby!
A worm comes into view.
Press: ? - help, Shift-Dir - straight line, f - worm
Aim: a worm The splash of poison hits the worm.
The worm is poisoned.
The worm is lightly wounded.
You feel slightly more hungry. The worm closely misses you.
Found a sparkling altar of Nemelex Xobeh.
You hit the worm.
The worm is heavily wounded.
You hit the worm.
The worm is severely wounded.
The worm completely misses you. The worm barely misses you.
You hit the worm.
The worm is severely wounded.
The worm looks more healthy.
The worm barely misses you.
You hit the worm.
The worm is almost dead.
You have got your breath back.
The worm barely misses you. The worm bites you!
Press: ? - help, Shift-Dir - straight line, f/p - worm
Aim: a worm (almost dead)
The splash of poison hits the worm.
The worm is almost dead.
You feel slightly more hungry. The worm barely misses you.
You barely miss the worm.
The worm is almost dead.
The worm bites you.
You barely miss the worm.
The worm is almost dead.
The worm bites you! The worm bites you.
You sock the worm!
You kill the worm!
Trog accepts your kill.
You have got your breath back.
The worm barely misses you.
Press: ? - help, Shift-Dir - straight line, f - worm
Aim: a worm The splash of poison hits the worm.
The worm is poisoned.
The worm is lightly wounded.
You feel slightly more hungry.
You barely miss the worm.
The worm is lightly wounded.
The worm bites you!
* * * LOW HITPOINT WARNING * * *
You hit the worm.
The worm is lightly wounded.
The worm bites you!
You die...

######### #
#####.......#########
####.....#.#.#.......##⌠
.................###.###
......†..#.#.#...###.##⌠
.#.#...@.........#....##
.......#w#.#.#.....#.#≈#
.#.#.$.........#.###.#§≈
........................
#.....#..###.##...##...#
.......................#
.⌠.....>..........#.....
_..#....................
⌠........#######.......


You could see a worm.

Vanquished Creatures
  2 adders (D:2)
  A worm (D:2)
  3 leopard geckos (D:1)
  4 bats
  3 giant cockroaches
  7 hobgoblins (D:1)
  3 jackals (D:1)
  3 kobolds
  A quokka (D:2)
  3 frilled lizards
  4 goblins
  4 rats
38 creatures vanquished.

Notes
Turn   | Place    | Note
-------+----------+-------------------------------------------
     0 | D:1      | Mgcat the Naga Berserker began the quest for the Orb.
     0 | D:1      | Reached XP level 1. HP: 21/21 MP: 1/1
    77 | D:1      | HP: 4/21 [hobgoblin/club (4)]
   329 | D:1      | Reached XP level 2. HP: 14/28 MP: 2/2
   333 | D:1      | HP: 7/28 [jackal (3)]
   338 | D:1      | HP: 5/28 [goblin/club (1)]
   774 | D:1      | Reached XP level 3. HP: 31/34 MP: 3/3
  1233 | D:1      | HP: 8/36 [kobold/whip of holy wrath (3)]
  1526 | D:2      | Reached ** piety under Trog
  1564 | D:2      | Found an iron altar of Okawaru.
  1617 | D:2      | Reached skill level 4 in Maces & Flails
  1617 | D:2      | Reached XP level 4. HP: 27/44 MP: 4/4
  1681 | D:2      | Reached skill level 4 in Fighting
  1756 | D:2      | Found a faded altar of an unknown god.
  1826 | D:2      | Found a blossoming altar of Fedhas.
  1866 | D:2      | Found a burning altar of Makhleb.
  1901 | D:2      | Found a sparkling altar of Nemelex Xobeh.
  1911 | D:2      | HP: 7/44 [worm (11)]
  1912 | D:2      | Slain by a worm

Vault maps used:
D:1:      dpeg_arrival_rooms_with_view
D:2:      grunt_temple_overflow_forces_of_nature,
          nemelex_xobeh_ov_fountains_minmay, lightli_temple_of_fire,
          okawaru_metal_pillars_1_2, first_ration, serial_glass,
          glass_columns_a, glass_columns_a, glass_columns_a, glass_columns_a,
          glass_columns_c, glass_columns_b, glass_columns_a, glass_columns_a,
          glass_columns_a, glass_columns_a, glass_columns_a, glass_columns_b,
          glass_columns_c, glass_columns_a, feat_on_display,
          minmay_strange_pillars, minmay_strange_pillars,
          chequers_ecumenical_altar_simple_redux, supply_closet_lemuel

Skill      XL: |  1  2  3  4 |
---------------+-------------+-----
Maces & Flails | 4 |  4.0
Fighting       | 4 |  4.0
Armour         | |  1.5
Dodging        | |  1.5

Action                   |  1- 3 |  4- 6 || total
-------------------------+-------+-------++-------
Melee: Mace              |   108 |    21 ||   129
 Abil: Spit Poison       |    11 |     6 ||    17
 Stab: Sleeping          |     2 |       ||     2
  Eat: Chunk             |     2 |     1 ||     3
Armor: Animal skin       |    25 |     4 ||    29
Dodge: Dodged            |    82 |    16 ||    98

Table legend:
 A = Spawn XP
 B = Non-spawn XP
 C = Spawn XP percentage of total XP
 D = Spawn monster count
 E = Non-spawn monster count
 F = Spawn count percentage of total count
 G = Total turns spent on level
                    A         B        C        D         E        F      G
               +---------+---------+-------+---------+---------+-------+---------
         Total |       0 |      95 |   0.0 |       0 |      38 |   0.0 |  1912
               +---------+---------+-------+---------+---------+-------+---------
           D:1 |       0 |      48 |   0.0 |       0 |      25 |   0.0 |  1457
           D:2 |       0 |      47 |   0.0 |       0 |      13 |   0.0 |   455
               +---------+---------+-------+---------+---------+-------+---------

Vault maps used:
D:1:      dpeg_arrival_rooms_with_view
D:2:      grunt_temple_overflow_forces_of_nature,
          nemelex_xobeh_ov_fountains_minmay, lightli_temple_of_fire,
          okawaru_metal_pillars_1_2, first_ration, serial_glass,
          glass_columns_a, glass_columns_a, glass_columns_a, glass_columns_a,
          glass_columns_c, glass_columns_b, glass_columns_a, glass_columns_a,
          glass_columns_a, glass_columns_a, glass_columns_a, glass_columns_b,
          glass_columns_c, glass_columns_a, feat_on_display,
          minmay_strange_pillars, minmay_strange_pillars,
          chequers_ecumenical_altar_simple_redux, supply_closet_lemuel

Table legend:
 A = Turns spent in this place as a percentage of turns spent in the entire game.
 B = Non-inter-level travel turns spent in this place as a percentage of non-inter-level travel turns spent in the entire game.
 C = Inter-level travel turns spent in this place as a percentage of turns spent in this place.
 D = Turns resting spent in this place as a percentage of non-inter-level travel turns spent in this place.
 E = Turns spent auto-exploring this place as a percentage of non-inter-level travel turns spent in this place.
 F = Non-inter-level travel turns spent in this place divided by the number of levels of this place that you've seen.
                   A       B       C       D       E      F
               +-------+-------+-------+-------+-------+----------------------
         Total | 100.0 | 100.0 |   1.5 |   6.8 |  79.2 | 942.0
       Dungeon | 100.0 | 100.0 |   1.5 |   6.8 |  79.2 | 942.0
               +-------+-------+-------+-------+-------+----------------------

Table legend:
 A = Kills in this place as a percentage of kills in entire the game.
 B = Kills by you in this place as a percentage of kills by you in the entire game.
 C = Kills by friends in this place as a percentage of kills by friends in the entire game.
 D = Other kills in this place as a percentage of other kills in the entire game.
 E = Experience gained in this place as a percentage of experience gained in the entire game.
 F = Experience gained in this place divided by the number of levels of this place that you have seen.
                   A       B       C       D       E      F
               +-------+-------+-------+-------+-------+----------------------
         Total | 100.0 | 100.0 |   N/A |   N/A | 100.0 |  47.5
       Dungeon | 100.0 | 100.0 |   N/A |   N/A | 100.0 |  47.5
               +-------+-------+-------+-------+-------+----------------------
